TOP OF THE 1ST |
---|
Erie Jaxx batting - Pitching for Little Rock Lemmiwinks : RHP José Antonio Peña | Pitching: RHP José Antonio Peña | | Batting: RHB Ramón Maldonado | 0-0: Called Strike 0-1: Foul Ball, location: 2F 0-2: Foul Ball, location: 2F 0-2: Foul Ball, location: 2F 0-2: Strikes out swinging | Batting: RHB Ed Keesee | 0-0: Ball 1-0: Ball 2-0: Ball 3-0: Called Strike 3-1: Base on Balls | Batting: RHB Shane Marshall | 0-0: Ball 1-0: Called Strike 1-1: Ball 2-1: Called Strike 2-2: Ball 3-2: SINGLE (Line Drive, 4M) Ed Keesee to second | Batting: RHB Miguel Sánchez | 0-0: Ball 1-0: Foul Ball, location: 2F 1-1: SINGLE (Groundball, 4MD) Ed Keesee to third Shane Marshall to second | Batting: SHB José Durango | 0-0: Grounds into double play, 4-6-3 (Groundball, 4M) | Top of the 1st over - 0 runs, 2 hits, 0 errors, 2 left on base; Erie 0 - Little Rock 0 | BOTTOM OF THE 1ST |
---|
Little Rock Lemmiwinks batting - Pitching for Erie Jaxx : RHP Jesús Jaramillo | Pitching: RHP Jesús Jaramillo | | Batting: RHB Álex Martínez | 0-0: Called Strike 0-1: Swinging Strike 0-2: Foul Ball, location: 2F 0-2: Ball 1-2: Ball 2-2: Ball 3-2: Base on Balls | Batting: SHB Juan Carlos González | 0-0: Ball 1-0: Called Strike 1-1: Ball 2-1: Foul Ball, location: 2F 2-2: Ground out U3 (Groundball, 3S) Álex Martínez to second | Batting: LHB Stanley Smith | 0-0: Foul Ball, location: 2F 0-1: Swinging Strike 0-2: Ball 1-2: Ball 2-2: Foul Ball, location: 2F 2-2: Ball 3-2: Foul Ball, location: 2F 3-2: Foul Ball, location: 2F 3-2: Base on Balls | Batting: LHB Pedro Escobar | 0-0: DOUBLE (Line Drive, 89D) Álex Martínez scores Stanley Smith to third Runner from 3rd tries for Home, SAFE, throw made at trailing runner, OUT at third! | Batting: RHB Roberto Valdéz | 0-0: Swinging Strike 0-1: Foul Ball, location: 2F 0-2: Ball 1-2: Strikes out swinging | Bottom of the 1st over - 2 runs, 1 hit, 0 errors, 0 left on base; Erie 0 - Little Rock 2 | TOP OF THE 2ND |
---|
Erie Jaxx batting - Pitching for Little Rock Lemmiwinks : RHP José Antonio Peña | Batting: RHB Danny Morrison | 0-0: Foul Ball, location: 2F 0-1: Swinging Strike 0-2: Ball 1-2: Fly out, F8 (Flyball, 8LS) | Batting: RHB Cristián Cauozos | 0-0: Foul Ball, location: 2F 0-1: Foul Ball, location: 2F 0-2: Ball 1-2: Ball 2-2: Strikes out looking | Batting: RHB Andrés Silva | 0-0: Ball 1-0: Ball 2-0: Ball 3-0: Called Strike 3-1: Foul Ball, location: 2F 3-2: Hit by Pitch | Batting: RHB William Wilson | 0-0: Ball 1-0: Foul Ball, location: 2F 1-1: Swinging Strike 1-2: Ball 2-2: Strikes out swinging | Top of the 2nd over - 0 runs, 0 hits, 0 errors, 1 left on base; Erie 0 - Little Rock 2 | BOTTOM OF THE 2ND |
---|
Little Rock Lemmiwinks batting - Pitching for Erie Jaxx : RHP Jesús Jaramillo | Batting: LHB Greg MacCanish | 0-0: DOUBLE (Line Drive, 78D) | Batting: LHB Manny Robles | 0-0: Ball 1-0: Ball 2-0: Swinging Strike 2-1: Ball 3-1: Called Strike 3-2: Strikes out looking | Batting: RHB José Rodríguez | 0-0: Ball 1-0: Ball 2-0: Ground out U3 (Groundball, 34S) Greg MacCanish to third | Batting: RHB Norberto Gallardo | 0-0: Fly out, F8 (Line Drive, 8LM) | Bottom of the 2nd over - 0 runs, 1 hit, 0 errors, 1 left on base; Erie 0 - Little Rock 2 | TOP OF THE 3RD |
---|
Erie Jaxx batting - Pitching for Little Rock Lemmiwinks : RHP José Antonio Peña | Batting: RHB Ramón Maldonado | 0-0: Foul Ball, location: 2F 0-1: Foul Ball, location: 2F 0-2: Ball 1-2: Foul Ball, location: 2F 1-2: Strikes out looking | Batting: RHB Ed Keesee | 0-0: Ball 1-0: Foul Ball, location: 2F 1-1: Foul Ball, location: 2F 1-2: Strikes out looking | Batting: RHB Shane Marshall | 0-0: Ball 1-0: Swinging Strike 1-1: Ball 2-1: Foul Ball, location: 2F 2-2: Foul Ball, location: 2F 2-2: Foul Ball, location: 2F 2-2: Foul Ball, location: 2F 2-2: Foul Ball, location: 2F 2-2: Strikes out swinging | Top of the 3rd over - 0 runs, 0 hits, 0 errors, 0 left on base; Erie 0 - Little Rock 2 | BOTTOM OF THE 3RD |
---|
Little Rock Lemmiwinks batting - Pitching for Erie Jaxx : RHP Jesús Jaramillo | Batting: RHB Álex Martínez | 0-0: Ball 1-0: Fly out, F7 (Flyball, 7D) | Batting: SHB Juan Carlos González | 0-0: Ball 1-0: Ball 2-0: SINGLE (Flyball, 8RS) | Batting: LHB Stanley Smith | 0-0: Ball 1-0: Ball 2-0: Foul Ball, location: 2F 2-1: Foul Ball, location: 2F 2-2: Ball 3-2: Base on Balls Juan Carlos González to second | Batting: LHB Pedro Escobar | 0-0: Ball 1-0: Ball 2-0: Ball 3-0: Called Strike 3-1: SINGLE (Line Drive, 9S) Juan Carlos González to third Stanley Smith to second Runner from 3rd tries for Home, SAFE, throw made home | Batting: RHB Roberto Valdéz | 0-0: Called Strike 0-1: Foul Ball, location: 2F 0-2: Ball 1-2: Ball 2-2: Ball 3-2: Strikes out swinging | Batting: LHB Greg MacCanish | 0-0: Foul Ball, location: 2F 0-1: Swinging Strike 0-2: Foul Ball, location: 2F 0-2: Foul Ball, location: 2F 0-2: Ball 1-2: Ball Passed Ball! Stanley Smith to third Pedro Escobar to second 2-2: Strikes out swinging | Bottom of the 3rd over - 1 run, 2 hits, 0 errors, 2 left on base; Erie 0 - Little Rock 3 | TOP OF THE 4TH |
---|
Erie Jaxx batting - Pitching for Little Rock Lemmiwinks : RHP José Antonio Peña | Batting: RHB Miguel Sánchez | 0-0: Fly out, F9 (Flyball, 89D) | Batting: SHB José Durango | 0-0: Ball 1-0: Foul Ball, location: 2F 1-1: Ball 2-1: Ground out 6-3 (Groundball, 6M) | Batting: RHB Danny Morrison | 0-0: Ball 1-0: Ball 2-0: Foul Ball, location: 2F 2-1: Ball 3-1: Foul Ball, location: 2F 3-2: Foul Ball, location: 2F 3-2: Strikes out swinging | Top of the 4th over - 0 runs, 0 hits, 0 errors, 0 left on base; Erie 0 - Little Rock 3 | BOTTOM OF THE 4TH |
---|
Little Rock Lemmiwinks batting - Pitching for Erie Jaxx : RHP Jesús Jaramillo | Batting: LHB Manny Robles | 0-0: SINGLE (Flyball, 9S) | Batting: RHB José Rodríguez | 0-0: Ball 1-0: Ball 2-0: Fielders Choice at 2nd, 4-6 (Groundball, 4) | Batting: RHB Norberto Gallardo | 0-0: Ball 1-0: Called Strike José Rodríguez steals 2nd base 1-1: Ball Wild Pitch! José Rodríguez to third 2-1: Ball 3-1: Foul Ball, location: 2F 3-2: Base on Balls | Batting: RHB Álex Martínez | 0-0: Ball 1-0: Ball 2-0: Called Strike 2-1: Fly out, F8 (Flyball, 8RM) Runner from 3rd tags up, SCORES, no throw | Batting: SHB Juan Carlos González | 0-0: Ball 1-0: Ball 2-0: Ball 3-0: Called Strike 3-1: Called Strike 3-2: SINGLE (Line Drive, 4MD) Norberto Gallardo to second Norberto Gallardo to third | Batting: LHB Stanley Smith | 0-0: Ball 1-0: Ball 2-0: Fly out, F7 (Flyball, 7LS) | Bottom of the 4th over - 1 run, 2 hits, 0 errors, 2 left on base; Erie 0 - Little Rock 4 | TOP OF THE 5TH |
---|
Erie Jaxx batting - Pitching for Little Rock Lemmiwinks : RHP José Antonio Peña | Batting: RHB Cristián Cauozos | 0-0: Ball 1-0: Foul Ball, location: 2F 1-1: Ball 2-1: Ball 3-1: Base on Balls | Batting: RHB Andrés Silva | 0-0: Grounds into double play, 5-4-3 (Groundball, 56) | Batting: RHB William Wilson | 0-0: Ball 1-0: Ball 2-0: Foul Ball, location: 2F 2-1: Called Strike 2-2: Ball 3-2: Foul Ball, location: 2F 3-2: Base on Balls | Batting: RHB Ramón Maldonado | 0-0: Ground out 5-3 (Groundball, 56S) | Top of the 5th over - 0 runs, 0 hits, 0 errors, 1 left on base; Erie 0 - Little Rock 4 | BOTTOM OF THE 5TH |
---|
Little Rock Lemmiwinks batting - Pitching for Erie Jaxx : RHP Jesús Jaramillo | Pitching: RHP Jorge Barrón | | Batting: LHB Pedro Escobar | 0-0: Swinging Strike 0-1: Ball 1-1: Ball 2-1: Foul Ball, location: 2F 2-2: Ball 3-2: Ground out U3 (Groundball, 34) | Batting: RHB Roberto Valdéz | 0-0: Called Strike 0-1: Ball 1-1: Fly out, F6 (Line Drive, 6) | Batting: LHB Greg MacCanish | 0-0: Ball 1-0: Ball 2-0: Foul Ball, location: 2F 2-1: Ball 3-1: Base on Balls | Batting: LHB Manny Robles | 0-0: Called Strike 0-1: Called Strike 0-2: Ground out U3 (Groundball, 3) | Bottom of the 5th over - 0 runs, 0 hits, 0 errors, 1 left on base; Erie 0 - Little Rock 4 | TOP OF THE 6TH |
---|
Erie Jaxx batting - Pitching for Little Rock Lemmiwinks : RHP José Antonio Peña | Batting: RHB Ed Keesee | 0-0: Ball 1-0: Ball 2-0: Ball 3-0: Base on Balls | Batting: RHB Shane Marshall | 0-0: Ball 1-0: Swinging Strike 1-1: Swinging Strike 1-2: Strikes out swinging | Batting: RHB Miguel Sánchez | 0-0: Swinging Strike 0-1: Swinging Strike 0-2: Foul Ball, location: 2F 0-2: Strikes out looking | Batting: SHB José Durango | 0-0: Ball 1-0: Ball 2-0: Fly out, F9 (Flyball, 9LMF) | Top of the 6th over - 0 runs, 0 hits, 0 errors, 1 left on base; Erie 0 - Little Rock 4 | BOTTOM OF THE 6TH |
---|
Little Rock Lemmiwinks batting - Pitching for Erie Jaxx : RHP Jorge Barrón | Batting: RHB José Rodríguez | 0-0: Ball 1-0: SINGLE (Line Drive, 6MD) | Batting: RHB Norberto Gallardo | 0-0: Ball 1-0: Called Strike José Rodríguez steals 2nd base 1-1: Swinging Strike 1-2: Ball 2-2: Fly out, F7 (Flyball, 7) | Batting: RHB Álex Martínez | 0-0: Called Strike Throwing error on steal attempt, E2 José Rodríguez scores 0-1: Ball 1-1: Foul Ball, location: 2F 1-2: Fly out, F2 (Popup, 25F) | Batting: SHB Juan Carlos González | 0-0: Ball 1-0: DOUBLE (Flyball, 78XD) | Batting: LHB Stanley Smith | 0-0: DOUBLE (Line Drive, 89M) Juan Carlos González scores | Batting: LHB Pedro Escobar | 0-0: Swinging Strike 0-1: Fly out, F8 (Line Drive, 8RD) | Bottom of the 6th over - 2 runs, 3 hits, 1 error, 1 left on base; Erie 0 - Little Rock 6 | TOP OF THE 7TH |
---|
Erie Jaxx batting - Pitching for Little Rock Lemmiwinks : RHP José Antonio Peña | Batting: RHB Danny Morrison | 0-0: Ball 1-0: SOLO HOME RUN (Flyball, 7LD), Distance : 355 ft | Batting: RHB Cristián Cauozos | 0-0: Called Strike 0-1: Ball 1-1: Ball 2-1: Foul Ball, location: 2F 2-2: Ball 3-2: Strikes out looking | Pitching: LHP Rick Davis | | Batting: RHB Andrés Silva | 0-0: Ball 1-0: Ball 2-0: Foul Ball, location: 2F 2-1: Fly out, F7 (Flyball, 78M) | Batting: RHB William Wilson | 0-0: Called Strike 0-1: Ball 1-1: Ground out 6-3 (Groundball, 6) | Top of the 7th over - 1 run, 1 hit, 0 errors, 0 left on base; Erie 1 - Little Rock 6 | BOTTOM OF THE 7TH |
---|
Little Rock Lemmiwinks batting - Pitching for Erie Jaxx : RHP Jorge Barrón | Batting: RHB Roberto Valdéz | 0-0: Called Strike 0-1: Ball 1-1: Ball 2-1: Swinging Strike 2-2: Strikes out swinging | Batting: LHB Greg MacCanish | 0-0: Ball 1-0: Called Strike 1-1: Foul Ball, location: 2F 1-2: Ball 2-2: Ball 3-2: Base on Balls | Batting: LHB Manny Robles | 0-0: Called Strike 0-1: Foul Ball, location: 2F 0-2: Ball 1-2: Strikes out looking | Batting: RHB José Rodríguez | 0-0: SINGLE (Groundball, 34S) (infield hit) Greg MacCanish to second | Batting: RHB Norberto Gallardo | 0-0: Foul Ball, location: 2F 0-1: Ball 1-1: Foul Ball, location: 2F 1-2: Strikes out swinging | Bottom of the 7th over - 0 runs, 1 hit, 0 errors, 2 left on base; Erie 1 - Little Rock 6 | TOP OF THE 8TH |
---|
Erie Jaxx batting - Pitching for Little Rock Lemmiwinks : LHP Rick Davis | Now at C: Júlio Colón | | Now at 2B: Ánibal Soto | | Now in LF: Álex Ochoa | | Batting: RHB Ramón Maldonado | 0-0: Called Strike 0-1: Foul Ball, location: 2F 0-2: Ball 1-2: DOUBLE (Flyball, 89D) | Batting: RHB Ed Keesee | 0-0: Called Strike 0-1: Called Strike 0-2: Foul Ball, location: 2F 0-2: Foul Ball, location: 2F 0-2: Ball 1-2: Ground out 5-3 (Groundball, 56S) Ramón Maldonado to third | Batting: RHB Shane Marshall | 0-0: Ball 1-0: Foul Ball, location: 2F 1-1: Foul Ball, location: 2F 1-2: Foul Ball, location: 2F 1-2: Strikes out swinging | Batting: RHB Miguel Sánchez | 0-0: Ball 1-0: Fly out, F3 (Popup, 3S) | Top of the 8th over - 0 runs, 1 hit, 0 errors, 1 left on base; Erie 1 - Little Rock 6 | BOTTOM OF THE 8TH |
---|
Little Rock Lemmiwinks batting - Pitching for Erie Jaxx : RHP Jorge Barrón | Batting: RHB Álex Martínez | 0-0: Called Strike 0-1: Ball 1-1: Foul Ball, location: 2F 1-2: Ground out 6-3 (Groundball, 6) | Batting: SHB Juan Carlos González | 0-0: SINGLE (Line Drive, 3) | Batting: LHB Stanley Smith | 0-0: Called Strike 0-1: Ball 1-1: SINGLE (Groundball, 4MD) Juan Carlos González to second Runner from 2nd tries for 3rd, SAFE, no throw | Batting: LHB Pedro Escobar | 0-0: Called Strike 0-1: Ball 1-1: Ball 2-1: Ball 3-1: SINGLE (Groundball, 6) (infield hit) Juan Carlos González scores Stanley Smith to second | Pitching: RHP Javier Bustamante | | Batting: RHB Roberto Valdéz | 0-0: Swinging Strike 0-1: Foul Ball, location: 2F 0-2: Fly out, F8 (Flyball, 8RM) | Batting: RHB Júlio Colón | 0-0: Called Strike Pedro Escobar steals 2nd base Stanley Smith to third 0-1: Ball 1-1: SINGLE (Groundball, 6D) Stanley Smith scores Pedro Escobar to third Runner from 3rd tries for Home, SAFE, no throw | Batting: RHB Álex Ochoa | 0-0: Ball 1-0: Called Strike 1-1: SINGLE (Flyball, 8RS) Júlio Colón to second | Batting: RHB Ánibal Soto | 0-0: Called Strike 0-1: Foul Ball, location: 2F 0-2: Ball 1-2: Strikes out swinging | Bottom of the 8th over - 3 runs, 5 hits, 0 errors, 2 left on base; Erie 1 - Little Rock 9 | TOP OF THE 9TH |
---|
Erie Jaxx batting - Pitching for Little Rock Lemmiwinks : LHP Rick Davis | Now in RF: Francisco Gonzáles | | Batting: SHB José Durango | 0-0: Ball 1-0: Called Strike 1-1: Foul Ball, location: 2F 1-2: Strikes out looking | Batting: RHB Danny Morrison | 0-0: Ball 1-0: Called Strike 1-1: Swinging Strike 1-2: Strikes out swinging | Batting: RHB Cristián Cauozos | 0-0: Ball 1-0: Foul Ball, location: 2F 1-1: Called Strike 1-2: Ball 2-2: Foul Ball, location: 2F 2-2: Ball 3-2: Base on Balls | Batting: RHB Andrés Silva | 0-0: Fielders Choice at 2nd, 6-4 (Groundball, 6) | Top of the 9th over - 0 runs, 0 hits, 0 errors, 1 left on base; Erie 1 - Little Rock 9 | |